 Dungeon Crawl Stone Soup version 0.29.1-15-g9cfb28693d (webtiles) character file.

Game seed: 13224911470794735269

0 javelincjr the Trooper (level 1, -32/18 HPs)
             Began as a Demonspawn Abyssal Knight on Mar 26, 2023.
             Was a Believer of Lugonu.
             Annihilated by a tentacled starspawn (33 damage)
             ... on level 1 of the Abyss.
             The game lasted 00:00:16 (85 turns).

javelincjr the Trooper (Demonspawn Abyssal Knight)    Turns: 85, Time: 00:00:17

Health: -32/18     AC:  3    Str: 13    XL:     1   Next: 0%
Magic:  2/2        EV: 11    Int: 11    God:    Lugonu [**....]
Gold:   0          SH:  0    Dex: 13    Spells: 0/0 levels left

rFire   . . .      SeeInvis .   a - +1 hand axe
rCold   . . .      Faith    .   (no shield)
rNeg    . . .      Spirit   .   b - +0 leather armour
rPois   .          Reflect  .   (no helmet)
rElec   .          Harm     .   (no cloak)
rCorr   .          Rampage  .   (no gloves)
Will    .....                   (no boots)
Stlth   +.........              (no amulet)
HPRegen 0.06/turn               (no ring)
MPRegen 0.08/turn               (no ring)

@: no status effects
A: no striking features
a: Renounce Religion, Depart the Abyss, Bend Space


You were on level 1 of the Abyss.
You worshipped Lugonu.
Lugonu was pleased with you.
You visited 0 branches of the dungeon, and saw 0 of its levels.
You visited the Abyss 1 time.

Inventory:

Hand Weapons
 a - a +1 hand axe (weapon)
Armour
 b - a +0 leather armour (worn)


   Skills:
 + Level 3.0 Fighting
 + Level 1.7 Axes
 + Level 1.7 Armour
 + Level 0.8 Dodging
 + Level 2.4 Invocations


You couldn't memorise any spells.
You didn't know any spells.
Your spell library was empty.

Dungeon Overview and Level Annotations

Branches:
Dungeon (0/15)

Altars:


Message History

2 starspawn tentacles come into view.
The starspawn tentacle closely misses you.
A kobold demonologist comes into view. It is wielding a +0 dagger.
The kobold demonologist shouts!
The kobold demonologist hits you but does no damage.
You hit the kobold demonologist.
The kobold demonologist is lightly wounded.
The kobold demonologist hits you with a +0 dagger.
You miss the kobold demonologist.
The kobold demonologist is lightly wounded.
The kobold demonologist hits you with a +0 dagger.
You slash the kobold demonologist!
The kobold demonologist is moderately wounded.
The kobold demonologist misses you.
You miss the kobold demonologist.
The kobold demonologist is moderately wounded.
The kobold demonologist casts a cantrip, but nothing happens.
You closely miss the kobold demonologist.
The kobold demonologist is moderately wounded.
The kobold demonologist hits you with a +0 dagger.
The kobold demonologist closely misses you.
You hit the kobold demonologist but do no damage.
The kobold demonologist is moderately wounded.
You barely miss the tentacled starspawn.
A tentacle flies out from the starspawn's body!
The kobold demonologist miscasts a cantrip.
A starspawn tentacle comes into view.
You hit the kobold demonologist.
The kobold demonologist is moderately wounded.
You hit the tentacled starspawn but do no damage.
The tentacled starspawn barely misses you.
The tentacled starspawn tentacle-slaps you.
The kobold demonologist hits you with a +0 dagger.
* * * LOW HITPOINT WARNING * * *
You slash the kobold demonologist!
The kobold demonologist is heavily wounded.
You hit the tentacled starspawn but do no damage.
The tentacled starspawn bites you!!
Ouch! That really hurt!
You die...

# w# .X#
♣#####/.
♣##...#
#@#..#.###
#.K#XwX....#
###..#....##
##.#...##
#.##..##
#.##..# ♣###
.# .. #. ...
#.##.#.##


You could see a tentacled starspawn, a large abomination, a kobold demonologist
and a starspawn tentacle (distracted).

Vanquished Creatures (others)
  2 starspawn tentacles (Abyss:1)
2 creatures vanquished.

Notes
Turn   | Place    | Note
-------+----------+-------------------------------------------
     0 | Abyss:1  | javelincjr the Demonspawn Abyssal Knight began the quest
                  | for the Orb.
     0 | Abyss:1  | Reached XP level 1. HP: 18/18 MP: 2/2
    68 | Abyss:1  | Noticed a large abomination
    73 | Abyss:1  | Noticed a tentacled starspawn
    77 | Abyss:1  | Noticed a kobold demonologist
    85 | Abyss:1  | Annihilated by a tentacled starspawn

Illustrated notes

Levels and vault maps discovered:
Abyss:1:  base: Temple, minivault_13, base:
Temple

Action                   || total
-------------------------++-------
Melee: Hand axe          ||     8
Armor: Leather armour    ||     1
Dodge: Dodged            ||     4
